Thunder vs Influenza
Created - 5 janvier 2014 at 19:21
Goals
|
| Thunder |
1 |
3 |
0 |
4 |
| Influenza |
1 |
1 |
1 |
3 |
|
Shots
|
| Thunder |
8 |
14 |
9 |
31 |
| Influenza |
6 |
8 |
19 |
33 |
|
1st period
1. Thunder , Jerred Smithson 13 (Kevin Montgomery) at 3:34
2. Influenza , Ryan Vesce 20 (Noah Welch, Robbie Earl) at 13:47
Penalties :
Robbie Earl (VJB) for Holding (Minor) at 7:53, Kevin Montgomery (TRO) for Goalie Interference (Minor) at 17:31
2nd period
3. Thunder , Daniel Winnik 13 (Tyler Myers, Jannik Hansen) at 6:27
4. Thunder , Tyler Myers 1 (Matt D'Agostini, Jason Blake) at 8:23 (PP)
5. Thunder , Jeff Finger 3 (Matt D'Agostini, Jason Blake) at 9:09
6. Influenza , Ben Smith 4 (Zac Dalpe) at 16:39
Penalties :
Blake Comeau (VJB) for Holding (Minor) at 3:46, Jaime Sifers (VJB) for Interference (Minor) at 8:09, Tyler Myers (TRO) for Tripping (Minor) at 10:05, Jason Blake (TRO) for High sticking (Minor) at 10:16, Tyler Myers (TRO) for Hooking (Minor) at 14:07, Martins Karsums (VJB) for Goalie Interference (Minor) at 18:53
3rd period
7. Influenza , Blake Comeau 20 (Rob Schremp) at 5:30
Penalties :
Joey Crabb (TRO) for Hooking (Minor) at 17:03
Goalie Stats
Barry Brust (TRO), 30 saves from 33 shots - (0,909), W, 14-11-1, 60:00 minutes
Alex Stalock (VJB), 13 saves from 13 shots - (1,000), 30:04 minutes
Brent Krahn (VJB), 14 saves from 18 shots - (0,778), L, 11-12-2, 29:09 minutes
Players Stats for Thunder
Player Name G A P +/- PIM S H SB GA TA FO MP PP MP PK MP
------------------------------------------------------------------------------------
Brandon Mashinter 0 0 0 0 0 0 0 0 0 0 1/3 5:43 0:00 0:00
Casey Pierro-Zabotel 0 0 0 0 0 0 0 0 0 0 0/0 0:00 0:00 0:00
Daniel Winnik 1 0 1 2 0 5 2 2 0 1 0/0 13:07 0:00 1:51
Daultan Leveillé 0 0 0 0 0 0 0 0 0 0 0/0 0:00 0:00 0:00
Doug Janik 0 0 0 0 0 1 1 3 0 1 0/0 29:41 3:22 3:52
James Van Riemsdyk 0 0 0 -2 0 2 0 1 0 0 0/0 10:18 0:00 1:21
Jannik Hansen 0 1 1 1 0 0 1 1 0 0 1/2 14:41 0:00 1:57
Jason Blake 0 2 2 1 2 6 0 1 0 0 5/9 24:05 3:33 3:27
Jeff Finger 1 0 1 0 0 2 0 1 0 2 0/0 29:41 3:22 3:52
Jerred Smithson 1 0 1 2 0 2 1 1 1 0 3/10 12:13 0:00 1:24
Joey Crabb 0 0 0 -1 2 3 0 0 0 0 1/1 17:16 2:38 0:00
Joey Ryan 0 0 0 0 0 1 0 0 0 1 0/0 10:18 0:00 0:48
Jon Kalinski 0 0 0 0 0 0 0 0 0 0 0/0 0:00 0:00 0:00
Kelly Zajac 0 0 0 0 0 0 0 0 0 0 0/0 0:00 0:00 0:00
Kevin Montgomery 0 1 1 -1 2 0 1 1 0 0 0/0 12:18 0:00 1:48
Matt D'Agostini 0 2 2 0 0 1 1 1 0 0 1/3 16:56 3:33 0:00
Ray Macias 0 0 0 0 0 1 1 1 0 0 0/0 20:01 2:49 3:27
Samuel Pahlsson 0 0 0 0 0 2 1 1 0 0 11/24 20:54 3:33 3:38
Scott Parse 0 0 0 -1 0 2 1 1 1 0 0/0 18:22 2:38 1:34
Tom Pyatt 0 0 0 -1 0 1 2 0 0 1 6/9 16:14 2:38 0:00
Tyler Myers 1 1 2 0 4 2 0 0 1 1 0/0 18:12 2:49 1:40
Players Stats for Influenza
Player Name G A P +/- PIM S H SB GA TA FO MP PP MP PK MP
------------------------------------------------------------------------------------
Alexander Sulzer 0 0 0 -1 0 2 1 2 0 2 0/0 11:12 0:00 0:00
Ben Smith 1 0 1 0 0 2 1 0 0 0 0/0 8:01 0:00 0:00
Blake Comeau 1 0 1 0 2 5 1 1 1 1 3/6 22:51 4:49 2:27
Carl Gunnarsson 0 0 0 -1 0 0 0 0 0 0 0/0 11:12 0:00 0:00
Cody McCormick 0 0 0 1 0 0 1 0 0 0 2/4 10:48 0:00 0:58
Jaime Sifers 0 0 0 1 2 0 0 3 0 0 0/0 20:19 4:29 2:20
Jamie McBain 0 0 0 1 0 2 0 0 0 0 0/0 20:20 4:29 2:20
Justin Abdelkader 0 0 0 0 0 6 3 2 2 0 1/2 22:44 4:49 2:24
Martins Karsums 0 0 0 -1 2 1 0 1 0 0 0/0 15:37 3:18 0:00
Noah Welch 0 1 1 0 0 5 1 3 2 0 0/0 28:28 3:38 3:51
Pierre-Cédric Labrie 0 0 0 1 0 1 2 0 1 0 0/1 11:11 0:00 1:21
Rob Schremp 0 1 1 0 0 1 2 0 0 0 17/29 23:38 4:49 3:23
Robbie Earl 0 1 1 -1 2 1 3 2 0 0 0/0 15:48 3:18 0:11
Ryan Carter 0 0 0 -1 0 1 1 0 1 0 5/14 17:11 3:18 1:33
Ryan Russell 0 0 0 0 0 1 0 0 0 0 0/0 8:06 0:00 0:05
Ryan Vesce 1 0 1 1 0 4 0 0 0 0 0/0 9:50 0:00 0:00
Tim Gleason 0 0 0 0 0 0 1 4 0 0 0/0 28:28 3:38 3:51
Zac Dalpe 0 1 1 0 0 1 0 0 0 0 4/5 8:01 0:00 0:00
3 Stars
1 - Daniel Winnik (TRO)
2 - Jerred Smithson (TRO)
3 - Ryan Vesce (VJB)
Power Play
Thunder - 1 on 4 Attempt(s) - 25,00%
Influenza - 0 on 5 Attempt(s) - 0,00%
Penalty Kill
Thunder - 5 on 5 Attempt(s) - 100,00%
- Score 0 goal in Penalty Kill
Influenza - 3 on 4 Attempt(s) - 75,00%
- Score 0 goal in Penalty Kill
Official
Referees : Martell Rob and Walkom Stephen
Linesman : Vaughan Rody and Brian Murphy
Game Notes
Alex Stalock enters game at 9:09 of 2nd period
16:39 of 2nd period - Influenza goal is going for a video replay. After video review, Goal.
Finance
Level 1 -- Attendance: 1593 (79,65%) -- Ticket Income 55 755 $
Level 2 -- Attendance: 726 (72,60%) -- Ticket Income 10 890 $
Total Attendance: 2319 (77,30%)
Total Ticket Income: 66 645 $
Other Income: 3 332 $
Total Income: 69 977 $
Thunder
5 vs 5 Forward
Center Left Wing Right Wing Time % Phy DF OF
1 Samuel Pahlsson Jason Blake Matt D'Agostini 40 1 2 2
2 Tom Pyatt Scott Parse Joey Crabb 30 1 2 2
3 Jerred Smithson Daniel Winnik Jannik Hansen 20 1 2 2
4 Brandon Mashinter James Van Riemsdyk Jason Blake 10 1 2 2
5 vs 5 Defense
Defense Defense Time % Phy DF OF
1 Doug Janik Jeff Finger 40 1 2 2
2 Ray Macias Tyler Myers 30 1 2 2
3 Joey Ryan Kevin Montgomery 20 1 2 2
4 Doug Janik Jeff Finger 10 1 2 2
PowerPlay Forward
Center Left Wing Right Wing Time % Phy DF OF
1 Samuel Pahlsson Jason Blake Matt D'Agostini 60 1 2 2
2 Tom Pyatt Scott Parse Joey Crabb 40 1 2 2
PowerPlay Defense
Defense Defense Time % Phy DF OF
1 Doug Janik Jeff Finger 60 1 2 2
2 Ray Macias Tyler Myers 40 1 2 2
Penalty Kill 4 Players Forward
Center Wing Time % Phy DF OF
1 Jason Blake Samuel Pahlsson 60 1 2 2
2 Scott Parse Daniel Winnik 40 1 2 2
Penalty Kill 4 Players Defense
Defense Defense Time % Phy DF OF
1 Doug Janik Jeff Finger 60 1 2 2
2 Ray Macias Tyler Myers 40 1 2 2
Penalty Kill - 3 Players Forward
Forward Time % Phy DF OF
1 Jason Blake 60 1 2 2
2 Samuel Pahlsson 40 1 2 2
Penalty Kill - 3 Players Defense
Defense Defense Time % Phy DF OF
1 Doug Janik Jeff Finger 60 1 2 2
2 Ray Macias Tyler Myers 40 1 2 2
4 vs 4 Forward
Center Wing Time % Phy DF OF
1 Jason Blake Samuel Pahlsson 60 1 2 2
2 Scott Parse Daniel Winnik 40 1 2 2
4 vs 4 Defense
Defense Defense Time % Phy DF OF
1 Doug Janik Jeff Finger 60 1 2 2
2 Ray Macias Tyler Myers 40 1 2 2
Last Minutes Offensive
Center Left Wing Right Wing Defense Defense
Samuel Pahlsson Jason Blake Matt D'Agostini Doug Janik Jeff Finger
Last Minutes Defensive
Center Left Wing Right Wing Defense Defense
Samuel Pahlsson Jason Blake Matt D'Agostini Doug Janik Jeff Finger
Goaltenders
Starting : Barry Brust
Backup : Ben Bishop
Extra Forwards
Normal : James Van Riemsdyk, Jerred Smithson, Jannik Hansen - PP : James Van Riemsdyk, Jerred Smithson - PK : Jannik Hansen
Extra Defensemen
Normal : Joey Ryan, Kevin Montgomery, Ray Macias - PP : Joey Ryan - PK : Kevin Montgomery, Ray Macias
Penalty Shots
Jason Blake, Samuel Pahlsson, Scott Parse, Daniel Winnik, James Van Riemsdyk
Influenza
5 vs 5 Forward
Center Left Wing Right Wing Time % Phy DF OF
1 Rob Schremp Justin Abdelkader Blake Comeau 40 1 2 2
2 Ryan Carter Robbie Earl Martins Karsums 30 1 2 2
3 Cody McCormick Pierre-Cédric Labrie Ryan Vesce 20 1 2 2
4 Zac Dalpe Ryan Russell Ben Smith 10 1 2 2
5 vs 5 Defense
Defense Defense Time % Phy DF OF
1 Noah Welch Tim Gleason 40 1 2 2
2 Jaime Sifers Jamie McBain 30 1 2 2
3 Alexander Sulzer Carl Gunnarsson 20 1 2 2
4 Noah Welch Tim Gleason 10 1 2 2
PowerPlay Forward
Center Left Wing Right Wing Time % Phy DF OF
1 Rob Schremp Justin Abdelkader Blake Comeau 60 1 2 2
2 Ryan Carter Robbie Earl Martins Karsums 40 1 2 2
PowerPlay Defense
Defense Defense Time % Phy DF OF
1 Noah Welch Tim Gleason 60 1 2 2
2 Jaime Sifers Jamie McBain 40 1 2 2
Penalty Kill 4 Players Forward
Center Wing Time % Phy DF OF
1 Blake Comeau Rob Schremp 60 1 2 2
2 Justin Abdelkader Ryan Carter 40 1 2 2
Penalty Kill 4 Players Defense
Defense Defense Time % Phy DF OF
1 Noah Welch Tim Gleason 60 1 2 2
2 Jaime Sifers Jamie McBain 40 1 2 2
Penalty Kill - 3 Players Forward
Forward Time % Phy DF OF
1 Blake Comeau 60 1 2 2
2 Rob Schremp 40 1 2 2
Penalty Kill - 3 Players Defense
Defense Defense Time % Phy DF OF
1 Noah Welch Tim Gleason 60 1 2 2
2 Jaime Sifers Jamie McBain 40 1 2 2
4 vs 4 Forward
Center Wing Time % Phy DF OF
1 Blake Comeau Rob Schremp 60 1 2 2
2 Justin Abdelkader Ryan Carter 40 1 2 2
4 vs 4 Defense
Defense Defense Time % Phy DF OF
1 Noah Welch Tim Gleason 60 1 2 2
2 Jaime Sifers Jamie McBain 40 1 2 2
Last Minutes Offensive
Center Left Wing Right Wing Defense Defense
Rob Schremp Justin Abdelkader Blake Comeau Noah Welch Tim Gleason
Last Minutes Defensive
Center Left Wing Right Wing Defense Defense
Rob Schremp Justin Abdelkader Blake Comeau Noah Welch Tim Gleason
Goaltenders
Starting : Brent Krahn
Backup : Alex Stalock
Extra Forwards
Normal : Ryan Vesce, Cody McCormick, Pierre-Cédric Labrie - PP : Ryan Vesce, Cody McCormick - PK : Pierre-Cédric Labrie
Extra Defensemen
Normal : Alexander Sulzer, Carl Gunnarsson, Jaime Sifers - PP : Alexander Sulzer - PK : Carl Gunnarsson, Jaime Sifers
Penalty Shots
Blake Comeau, Rob Schremp, Justin Abdelkader, Ryan Carter, Martins Karsums
% Time on Ice - Thunder
Lines # - Real PCT - Wanted PCT - Time Play
Normal Forward
1 - 33% - 40% - 15:11
2 - 31% - 30% - 14:04
3 - 23% - 20% - 10:43
4 - 13% - 10% - 5:43
Normal Defense
1 - 43% - 40% - 19:46
2 - 30% - 30% - 13:45
3 - 21% - 20% - 9:30
4 - 6% - 10% - 2:40
PP Forward
1 - 57% - 60% - 3:33
2 - 43% - 40% - 2:38
PP Defense
1 - 54% - 60% - 3:22
2 - 46% - 40% - 2:49
PK Forward
1 - 79% - 60% - 5:01
2 - 21% - 40% - 1:18
PK Defense
1 - 42% - 60% - 2:41
2 - 58% - 40% - 3:38
PK3 Forward
1 - 100% - 60% - 1:48
2 - 0% - 40% - 0:00
PK3 Defense
1 - 66% - 60% - 1:11
2 - 34% - 40% - 0:37
44 Forward
1 - 0% - 60%
2 - 0% - 40%
44 Defense
1 - 0% - 60%
2 - 0% - 40%
Last Minute Offensive - 0:00
Last Minute Defensive - 0:01
Total
Forward - 60:00
Defense - 60:00
|
% Time on Ice - Influenza
Lines # - Real PCT - Wanted PCT - Time Play
Normal Forward
1 - 33% - 40% - 14:41
2 - 27% - 30% - 12:15
3 - 22% - 20% - 9:50
4 - 18% - 10% - 8:01
Normal Defense
1 - 42% - 40% - 18:56
2 - 30% - 30% - 13:25
3 - 23% - 20% - 10:23
4 - 5% - 10% - 2:03
PP Forward
1 - 59% - 60% - 4:49
2 - 41% - 40% - 3:18
PP Defense
1 - 45% - 60% - 3:38
2 - 55% - 40% - 4:29
PK Forward
1 - 80% - 60% - 4:57
2 - 20% - 40% - 1:14
PK Defense
1 - 62% - 60% - 3:51
2 - 38% - 40% - 2:20
PK3 Forward
1 - 0% - 60%
2 - 0% - 40%
PK3 Defense
1 - 0% - 60%
2 - 0% - 40%
44 Forward
1 - 0% - 60%
2 - 0% - 40%
44 Defense
1 - 0% - 60%
2 - 0% - 40%
Last Minute Offensive - 0:55
Last Minute Defensive - 0:00
Total
Forward - 60:00
Defense - 60:00
|
Play by Play
1st period
0:01 of 1st period - Samuel Pahlsson wins face-off versus Rob Schremp in neutral zone.
0:28 of 1st period - Snap shot by Scott Parse.
0:28 of 1st period - Stopped by Brent Krahn without a rebound.
0:29 of 1st period - Ryan Carter wins face-off versus Tom Pyatt in Influenza zone.
0:42 of 1st period - Snap shot by Ryan Carter.
0:42 of 1st period - Shot Misses the Net.
0:58 of 1st period - Wrist shot by Daniel Winnik.
0:58 of 1st period - Shot Misses the Net.
1:00 of 1st period - Slapshot by Tyler Myers.
1:00 of 1st period - Stopped by Brent Krahn with a rebound.
1:02 of 1st period - Slapshot by Jerred Smithson.
1:02 of 1st period - Shot Blocked by Jaime Sifers.
1:04 of 1st period - Snap shot by Daniel Winnik.
1:04 of 1st period - Shot Misses the Net.
1:14 of 1st period - Jamie McBain is hit by Kevin Montgomery and loses puck.
2:01 of 1st period - Jannik Hansen is hit by Ryan Carter.
2:12 of 1st period - Off-side.
2:13 of 1st period - Brandon Mashinter wins face-off versus Cody McCormick in neutral zone.
2:49 of 1st period - Slapshot by Jason Blake.
2:49 of 1st period - Shot Misses the Net.
3:08 of 1st period - Jamie McBain is hit by Tom Pyatt and loses puck.
3:22 of 1st period - Off-side.
3:23 of 1st period - Zac Dalpe wins face-off versus Jerred Smithson in neutral zone.
3:28 of 1st period - Wrist shot by Zac Dalpe.
3:28 of 1st period - Shot Blocked by Daniel Winnik.
3:34 of 1st period - Wrist shot by Jerred Smithson.
3:34 of 1st period - Goal by Jerred Smithson - Thunder : 1 - Influenza : 0.
3:35 of 1st period - Rob Schremp wins face-off versus Samuel Pahlsson in neutral zone.
3:46 of 1st period - Snap shot by Samuel Pahlsson.
3:46 of 1st period - Shot Blocked by Noah Welch.
4:48 of 1st period - Snap shot by Jason Blake.
4:48 of 1st period - Stopped by Brent Krahn with a rebound.
4:56 of 1st period - Matt D'Agostini is hit by Alexander Sulzer and loses puck.
5:44 of 1st period - Jaime Sifers is hit by Jannik Hansen and loses puck.
6:01 of 1st period - Wrist shot by Martins Karsums.
6:01 of 1st period - Deflect By Robbie Earl.
6:01 of 1st period - Shot Misses the Net.
6:01 of 1st period - Puck is out of play.
6:02 of 1st period - Tom Pyatt wins face-off versus Ryan Carter in Thunder zone.
6:09 of 1st period - Snap shot by Scott Parse.
6:09 of 1st period - Deflect By Tom Pyatt.
6:09 of 1st period - Shot Blocked by Martins Karsums.
6:09 of 1st period - Puck is out of play.
6:10 of 1st period - Rob Schremp wins face-off versus Samuel Pahlsson in Influenza zone.
6:25 of 1st period - Snap shot by Blake Comeau.
6:25 of 1st period - Shot Misses the Net.
7:24 of 1st period - Slapshot by Ben Smith.
7:24 of 1st period - Deflect By Ryan Russell.
7:24 of 1st period - Deflect By Kevin Montgomery.
7:24 of 1st period - Stopped by Barry Brust without a rebound.
7:25 of 1st period - Joey Crabb wins face-off versus Rob Schremp in Thunder zone.
7:32 of 1st period - Snap shot by Justin Abdelkader.
7:32 of 1st period - Shot Misses the Net.
7:50 of 1st period - Icing by Doug Janik.
7:51 of 1st period - Ryan Carter wins face-off versus Samuel Pahlsson in Thunder zone.
7:53 of 1st period - Minor Penalty to Robbie Earl for Holding.
7:54 of 1st period - Samuel Pahlsson wins face-off versus Blake Comeau in Influenza zone.
7:57 of 1st period - Wrist shot by Samuel Pahlsson.
7:57 of 1st period - Shot Misses the Net.
8:29 of 1st period - Wrist shot by Tom Pyatt.
8:29 of 1st period - Shot Misses the Net.
9:53 of 1st period - Penalty to Robbie Earl is over, Robbie Earl is back on ice.
10:21 of 1st period - Snap shot by James Van Riemsdyk.
10:21 of 1st period - Shot Blocked by Robbie Earl.
10:58 of 1st period - Jaime Sifers is hit by Matt D'Agostini and loses puck.
12:56 of 1st period - Samuel Pahlsson is hit by Pierre-Cédric Labrie.
13:47 of 1st period - Snap shot by Ryan Vesce.
13:47 of 1st period - Goal by Ryan Vesce - Thunder : 1 - Influenza : 1.
13:48 of 1st period - Justin Abdelkader wins face-off versus Samuel Pahlsson in neutral zone.
14:36 of 1st period - Wrist shot by Ryan Vesce.
14:36 of 1st period - Stopped by Barry Brust with a rebound.
14:38 of 1st period - Slapshot by Jamie McBain.
14:38 of 1st period - Shot Blocked by Daniel Winnik.
14:44 of 1st period - Slapshot by Jamie McBain.
14:44 of 1st period - Stopped by Barry Brust with a rebound.
14:54 of 1st period - Slapshot by Daniel Winnik.
14:54 of 1st period - Stopped by Brent Krahn with a rebound.
15:42 of 1st period - Snap shot by James Van Riemsdyk.
15:42 of 1st period - Stopped by Brent Krahn without a rebound.
15:43 of 1st period - Jerred Smithson wins face-off versus Ryan Carter in Influenza zone.
16:11 of 1st period - Justin Abdelkader is hit by Doug Janik and loses puck.
16:28 of 1st period - Tom Pyatt is hit by Cody McCormick and loses puck.
16:35 of 1st period - Slapshot by Joey Ryan.
16:35 of 1st period - Stopped by Brent Krahn with a rebound.
16:37 of 1st period - Slapshot by Joey Crabb.
16:37 of 1st period - Stopped by Brent Krahn with a rebound.
16:49 of 1st period - Snap shot by Zac Dalpe.
16:49 of 1st period - Shot Blocked by Kevin Montgomery.
17:07 of 1st period - Justin Abdelkader is hit by Daniel Winnik and loses puck.
17:26 of 1st period - Snap shot by Robbie Earl.
17:26 of 1st period - Shot Misses the Net.
17:28 of 1st period - Slapshot by Ryan Carter.
17:28 of 1st period - Shot Blocked by Scott Parse.
17:30 of 1st period - Slapshot by Alexander Sulzer.
17:30 of 1st period - Stopped by Barry Brust with a rebound.
17:31 of 1st period - Minor Penalty to Kevin Montgomery for Goalie Interference.
17:32 of 1st period - Jason Blake wins face-off versus Rob Schremp in Thunder zone.
17:32 of 1st period - Jason Blake is hit by Rob Schremp.
17:38 of 1st period - Snap shot by Rob Schremp.
17:38 of 1st period - Shot Misses the Net.
17:40 of 1st period - Snap shot by Blake Comeau.
17:40 of 1st period - Stopped by Barry Brust without a rebound.
17:41 of 1st period - Rob Schremp wins face-off versus Jason Blake in Thunder zone.
17:42 of 1st period - Wrist shot by Justin Abdelkader.
17:42 of 1st period - Shot Misses the Net.
19:06 of 1st period - Icing by Ryan Carter.
19:07 of 1st period - Ryan Carter wins face-off versus Jason Blake in Influenza zone.
19:31 of 1st period - Penalty to Kevin Montgomery is over, Kevin Montgomery is back on ice.
19:51 of 1st period - Daniel Winnik is hit by Noah Welch and loses puck.
2nd period
0:01 of 2nd period - Rob Schremp wins face-off versus Matt D'Agostini in neutral zone.
0:10 of 2nd period - Backhand shot by Rob Schremp.
0:10 of 2nd period - Shot Blocked by Samuel Pahlsson.
0:26 of 2nd period - Tom Pyatt is hit by Robbie Earl and loses puck.
0:59 of 2nd period - Snap shot by Ryan Vesce.
0:59 of 2nd period - Shot Misses the Net.
3:18 of 2nd period - Slapshot by Daniel Winnik.
3:18 of 2nd period - Shot Blocked by Justin Abdelkader.
3:20 of 2nd period - Wrist shot by Jerred Smithson.
3:20 of 2nd period - Stopped by Brent Krahn without a rebound.
3:21 of 2nd period - Rob Schremp wins face-off versus Jerred Smithson in Influenza zone.
3:30 of 2nd period - Wrist shot by Justin Abdelkader.
3:30 of 2nd period - Shot Blocked by Jerred Smithson.
3:44 of 2nd period - Blake Comeau is hit by Daniel Winnik and loses puck.
3:46 of 2nd period - Minor Penalty to Blake Comeau for Holding.
3:47 of 2nd period - Samuel Pahlsson wins face-off versus Pierre-Cédric Labrie in Influenza zone.
4:45 of 2nd period - Wrist shot by Scott Parse.
4:45 of 2nd period - Shot Blocked by Jaime Sifers.
5:25 of 2nd period - Jeff Finger is hit by Tim Gleason and loses puck.
5:46 of 2nd period - Penalty to Blake Comeau is over, Blake Comeau is back on ice.
6:03 of 2nd period - Icing by Ray Macias.
6:04 of 2nd period - Jerred Smithson wins face-off versus Ryan Carter in Thunder zone.
6:23 of 2nd period - Snap shot by Jannik Hansen.
6:23 of 2nd period - Deflect By Daniel Winnik.
6:23 of 2nd period - Stopped by Brent Krahn with a rebound.
6:27 of 2nd period - Slapshot by Daniel Winnik.
6:27 of 2nd period - Goal by Daniel Winnik - Thunder : 2 - Influenza : 1.
6:28 of 2nd period - Blake Comeau wins face-off versus Samuel Pahlsson in neutral zone.
6:35 of 2nd period - Wrist shot by Blake Comeau.
6:35 of 2nd period - Stopped by Barry Brust with a rebound.
6:37 of 2nd period - Slapshot by Noah Welch.
6:37 of 2nd period - Stopped by Barry Brust with a rebound.
6:41 of 2nd period - Snap shot by Blake Comeau.
6:41 of 2nd period - Stopped by Barry Brust without a rebound.
6:42 of 2nd period - Samuel Pahlsson wins face-off versus Rob Schremp in Thunder zone.
6:47 of 2nd period - Matt D'Agostini is hit by Blake Comeau and loses puck.
6:54 of 2nd period - Wrist shot by Jason Blake.
6:54 of 2nd period - Shot Misses the Net.
6:56 of 2nd period - Slapshot by Doug Janik.
6:56 of 2nd period - Shot Blocked by Tim Gleason.
6:58 of 2nd period - Snap shot by Jason Blake.
6:58 of 2nd period - Deflect By Matt D'Agostini.
6:58 of 2nd period - Stopped by Brent Krahn without a rebound.
6:59 of 2nd period - Tom Pyatt wins face-off versus Ryan Carter in Influenza zone.
7:40 of 2nd period - Slapshot by Noah Welch.
7:40 of 2nd period - Shot Blocked by Doug Janik.
8:09 of 2nd period - Minor Penalty to Jaime Sifers for Interference.
8:10 of 2nd period - Jason Blake wins face-off versus Blake Comeau in Influenza zone.
8:17 of 2nd period - Wrist shot by Jason Blake.
8:17 of 2nd period - Stopped by Brent Krahn with a rebound.
8:19 of 2nd period - Slapshot by Tyler Myers.
8:19 of 2nd period - Shot Misses the Net.
8:21 of 2nd period - Wrist shot by Matt D'Agostini.
8:21 of 2nd period - Shot Blocked by Noah Welch.
8:23 of 2nd period - Slapshot by Tyler Myers.
8:23 of 2nd period - Goal by Tyler Myers - Thunder : 3 - Influenza : 1.
8:24 of 2nd period - Samuel Pahlsson wins face-off versus Rob Schremp in neutral zone.
8:33 of 2nd period - Off-side.
8:34 of 2nd period - Rob Schremp wins face-off versus Samuel Pahlsson in neutral zone.
8:37 of 2nd period - Wrist shot by Tim Gleason.
8:37 of 2nd period - Shot Misses the Net.
8:43 of 2nd period - Snap shot by Samuel Pahlsson.
8:43 of 2nd period - Stopped by Brent Krahn with a rebound.
8:45 of 2nd period - Slapshot by Matt D'Agostini.
8:45 of 2nd period - Deflect By Jason Blake.
8:45 of 2nd period - Stopped by Brent Krahn with a rebound.
8:47 of 2nd period - Snap shot by Matt D'Agostini.
8:47 of 2nd period - Shot Blocked by Justin Abdelkader.
9:01 of 2nd period - Wrist shot by Samuel Pahlsson.
9:01 of 2nd period - Shot Blocked by Tim Gleason.
9:03 of 2nd period - Slapshot by Doug Janik.
9:03 of 2nd period - Shot Misses the Net.
9:05 of 2nd period - Snap shot by Jason Blake.
9:05 of 2nd period - Deflect By Rob Schremp.
9:05 of 2nd period - Stopped by Brent Krahn with a rebound.
9:07 of 2nd period - Snap shot by Matt D'Agostini.
9:07 of 2nd period - Shot Blocked by Tim Gleason.
9:09 of 2nd period - Slapshot by Jeff Finger.
9:09 of 2nd period - Goal by Jeff Finger - Thunder : 4 - Influenza : 1.
9:09 of 2nd period - Alex Stalock enters game.
9:10 of 2nd period - Tom Pyatt wins face-off versus Ryan Carter in neutral zone.
9:15 of 2nd period - Slapshot by Jeff Finger.
9:15 of 2nd period - Shot Misses the Net.
9:17 of 2nd period - Wrist shot by Scott Parse.
9:17 of 2nd period - Deflect By Tom Pyatt.
9:17 of 2nd period - Shot Blocked by Robbie Earl.
9:17 of 2nd period - Puck is out of play.
9:18 of 2nd period - Tom Pyatt wins face-off versus Ryan Carter in Influenza zone.
9:21 of 2nd period - Wrist shot by Scott Parse.
9:21 of 2nd period - Shot Misses the Net.
9:23 of 2nd period - Wrist shot by Jeff Finger.
9:23 of 2nd period - Shot Misses the Net.
9:25 of 2nd period - Snap shot by Joey Crabb.
9:25 of 2nd period - Shot Misses the Net.
9:27 of 2nd period - Backhand shot by Joey Crabb.
9:27 of 2nd period - Stopped by Alex Stalock with a rebound.
10:04 of 2nd period - Slapshot by Noah Welch.
10:04 of 2nd period - Deflect By Ben Smith.
10:04 of 2nd period - Shot Blocked by Ray Macias.
10:04 of 2nd period - Puck is out of play.
10:05 of 2nd period - Zac Dalpe wins face-off versus Jerred Smithson in Thunder zone.
10:05 of 2nd period - Minor Penalty to Tyler Myers for Tripping.
10:06 of 2nd period - Jason Blake wins face-off versus Rob Schremp in Thunder zone.
10:16 of 2nd period - Minor Penalty to Jason Blake for High sticking.
10:17 of 2nd period - Jannik Hansen wins face-off versus Blake Comeau in Thunder zone.
10:26 of 2nd period - Jeff Finger is hit by Justin Abdelkader and loses puck.
11:09 of 2nd period - Icing by Blake Comeau.
11:10 of 2nd period - Rob Schremp wins face-off versus Jannik Hansen in Influenza zone.
12:05 of 2nd period - Penalty to Tyler Myers is over, Tyler Myers is back on ice.
12:16 of 2nd period - Penalty to Jason Blake is over, Jason Blake is back on ice.
13:08 of 2nd period - Wrist shot by Zac Dalpe.
13:08 of 2nd period - Shot Misses the Net.
13:46 of 2nd period - Wrist shot by Jamie McBain.
13:46 of 2nd period - Stopped by Barry Brust with a rebound.
14:02 of 2nd period - Snap shot by Joey Crabb.
14:02 of 2nd period - Stopped by Alex Stalock without a rebound.
14:03 of 2nd period - Zac Dalpe wins face-off versus Samuel Pahlsson in Influenza zone.
14:07 of 2nd period - Minor Penalty to Tyler Myers for Hooking.
14:08 of 2nd period - Rob Schremp wins face-off versus Jason Blake in Thunder zone.
15:30 of 2nd period - Jerred Smithson is hit by Justin Abdelkader and loses puck.
16:07 of 2nd period - Penalty to Tyler Myers is over, Tyler Myers is back on ice.
16:25 of 2nd period - Slapshot by Jamie McBain.
16:25 of 2nd period - Shot Misses the Net.
16:27 of 2nd period - Wrist shot by Ryan Vesce.
16:27 of 2nd period - Shot Blocked by Jannik Hansen.
16:37 of 2nd period - Snap shot by Ben Smith.
16:37 of 2nd period - Stopped by Barry Brust with a rebound.
16:39 of 2nd period - Snap shot by Ben Smith.
16:39 of 2nd period - Influenza goal is going for a video replay.
16:39 of 2nd period - The goal is good.
16:39 of 2nd period - Goal by Ben Smith - Thunder : 4 - Influenza : 2.
16:40 of 2nd period - Samuel Pahlsson wins face-off versus Ryan Carter in neutral zone.
17:05 of 2nd period - Tim Gleason is hit by Scott Parse.
17:15 of 2nd period - Wrist shot by Robbie Earl.
17:15 of 2nd period - Shot Misses the Net.
17:17 of 2nd period - Slapshot by Robbie Earl.
17:17 of 2nd period - Stopped by Barry Brust without a rebound.
17:18 of 2nd period - Samuel Pahlsson wins face-off versus Rob Schremp in Thunder zone.
17:25 of 2nd period - Samuel Pahlsson is hit by Justin Abdelkader and loses puck.
18:26 of 2nd period - Slapshot by Martins Karsums.
18:26 of 2nd period - Stopped by Barry Brust without a rebound.
18:27 of 2nd period - Ryan Carter wins face-off versus Brandon Mashinter in Thunder zone.
18:52 of 2nd period - Backhand shot by Jason Blake.
18:52 of 2nd period - Shot Misses the Net.
18:53 of 2nd period - Minor Penalty to Martins Karsums for Goalie Interference.
18:54 of 2nd period - Blake Comeau wins face-off versus Samuel Pahlsson in Influenza zone.
19:09 of 2nd period - Snap shot by Jason Blake.
19:09 of 2nd period - Stopped by Alex Stalock with a rebound.
19:29 of 2nd period - Snap shot by Jeff Finger.
19:29 of 2nd period - Stopped by Alex Stalock with a rebound.
3rd period
0:01 of 3rd period - Blake Comeau wins face-off versus Samuel Pahlsson in neutral zone.
0:30 of 3rd period - Ryan Carter is hit by Tom Pyatt and loses puck.
0:53 of 3rd period - Penalty to Martins Karsums is over, Martins Karsums is back on ice.
1:11 of 3rd period - Cody McCormick is hit by Ray Macias.
1:27 of 3rd period - Ray Macias is hit by Ben Smith.
1:45 of 3rd period - Slapshot by Tom Pyatt.
1:45 of 3rd period - Shot Blocked by Tim Gleason.
1:47 of 3rd period - Slapshot by Ray Macias.
1:47 of 3rd period - Shot Blocked by Noah Welch.
1:49 of 3rd period - Slapshot by Ray Macias.
1:49 of 3rd period - Deflect By Robbie Earl.
1:49 of 3rd period - Stopped by Alex Stalock without a rebound.
1:50 of 3rd period - Rob Schremp wins face-off versus Tom Pyatt in Influenza zone.
2:20 of 3rd period - Slapshot by Jerred Smithson.
2:20 of 3rd period - Shot Misses the Net.
2:22 of 3rd period - Slapshot by Kevin Montgomery.
2:22 of 3rd period - Deflect By Daniel Winnik.
2:22 of 3rd period - Shot Misses the Net.
2:22 of 3rd period - Puck is out of play.
2:23 of 3rd period - Samuel Pahlsson wins face-off versus Rob Schremp in Influenza zone.
2:26 of 3rd period - Snap shot by Samuel Pahlsson.
2:26 of 3rd period - Stopped by Alex Stalock without a rebound.
2:27 of 3rd period - Rob Schremp wins face-off versus Samuel Pahlsson in Influenza zone.
2:27 of 3rd period - Rob Schremp is hit by Samuel Pahlsson.
2:33 of 3rd period - Wrist shot by Justin Abdelkader.
2:33 of 3rd period - Stopped by Barry Brust without a rebound.
2:34 of 3rd period - Samuel Pahlsson wins face-off versus Rob Schremp in Thunder zone.
2:41 of 3rd period - Icing by Rob Schremp.
2:42 of 3rd period - Rob Schremp wins face-off versus Jason Blake in Influenza zone.
3:31 of 3rd period - Wrist shot by Zac Dalpe.
3:31 of 3rd period - Stopped by Barry Brust without a rebound.
3:32 of 3rd period - Zac Dalpe wins face-off versus Samuel Pahlsson in Thunder zone.
4:04 of 3rd period - Wrist shot by Daniel Winnik.
4:04 of 3rd period - Stopped by Alex Stalock with a rebound.
4:10 of 3rd period - Jaime Sifers is hit by Jerred Smithson.
4:33 of 3rd period - Wrist shot by Scott Parse.
4:33 of 3rd period - Stopped by Alex Stalock with a rebound.
5:12 of 3rd period - Wrist shot by Zac Dalpe.
5:12 of 3rd period - Shot Misses the Net.
5:22 of 3rd period - Snap shot by Rob Schremp.
5:22 of 3rd period - Shot Misses the Net.
5:24 of 3rd period - Snap shot by Justin Abdelkader.
5:24 of 3rd period - Shot Misses the Net.
5:26 of 3rd period - Snap shot by Blake Comeau.
5:26 of 3rd period - Stopped by Barry Brust without a rebound.
5:27 of 3rd period - Rob Schremp wins face-off versus Tom Pyatt in Thunder zone.
5:30 of 3rd period - Wrist shot by Blake Comeau.
5:30 of 3rd period - Goal by Blake Comeau - Thunder : 4 - Influenza : 3.
5:31 of 3rd period - Rob Schremp wins face-off versus Samuel Pahlsson in neutral zone.
7:10 of 3rd period - Wrist shot by Tom Pyatt.
7:10 of 3rd period - Stopped by Alex Stalock without a rebound.
7:11 of 3rd period - Ryan Carter wins face-off versus Jerred Smithson in Influenza zone.
7:16 of 3rd period - Jannik Hansen is hit by Robbie Earl and loses puck.
7:21 of 3rd period - Snap shot by Ryan Carter.
7:21 of 3rd period - Stopped by Barry Brust without a rebound.
7:22 of 3rd period - Rob Schremp wins face-off versus Samuel Pahlsson in Thunder zone.
7:25 of 3rd period - Wrist shot by Blake Comeau.
7:25 of 3rd period - Deflect By Justin Abdelkader.
7:25 of 3rd period - Stopped by Barry Brust with a rebound.
7:27 of 3rd period - Backhand shot by Tim Gleason.
7:27 of 3rd period - Deflect By Justin Abdelkader.
7:27 of 3rd period - Stopped by Barry Brust without a rebound.
7:28 of 3rd period - Rob Schremp wins face-off versus Matt D'Agostini in Thunder zone.
7:31 of 3rd period - Wrist shot by Justin Abdelkader.
7:31 of 3rd period - Stopped by Barry Brust without a rebound.
7:32 of 3rd period - Samuel Pahlsson wins face-off versus Rob Schremp in Thunder zone.
7:39 of 3rd period - Slapshot by Doug Janik.
7:39 of 3rd period - Shot Misses the Net.
8:00 of 3rd period - Snap shot by Jason Blake.
8:00 of 3rd period - Stopped by Alex Stalock with a rebound.
8:22 of 3rd period - Slapshot by Justin Abdelkader.
8:22 of 3rd period - Shot Misses the Net.
8:24 of 3rd period - Slapshot by Noah Welch.
8:24 of 3rd period - Deflect By Matt D'Agostini.
8:24 of 3rd period - Stopped by Barry Brust without a rebound.
8:25 of 3rd period - Tom Pyatt wins face-off versus Ryan Carter in Thunder zone.
8:25 of 3rd period - Tom Pyatt is hit by Robbie Earl.
9:14 of 3rd period - Wrist shot by James Van Riemsdyk.
9:14 of 3rd period - Stopped by Alex Stalock with a rebound.
9:44 of 3rd period - Slapshot by Martins Karsums.
9:44 of 3rd period - Shot Blocked by James Van Riemsdyk.
9:46 of 3rd period - Slapshot by Martins Karsums.
9:46 of 3rd period - Shot Misses the Net.
10:04 of 3rd period - Snap shot by Ryan Vesce.
10:04 of 3rd period - Shot Blocked by Matt D'Agostini.
10:12 of 3rd period - Slapshot by Jamie McBain.
10:12 of 3rd period - Shot Misses the Net.
10:14 of 3rd period - Slapshot by Cody McCormick.
10:14 of 3rd period - Shot Misses the Net.
10:51 of 3rd period - Slapshot by Noah Welch.
10:51 of 3rd period - Stopped by Barry Brust with a rebound.
11:29 of 3rd period - Wrist shot by Samuel Pahlsson.
11:29 of 3rd period - Shot Misses the Net.
11:31 of 3rd period - Snap shot by James Van Riemsdyk.
11:31 of 3rd period - Shot Blocked by Jaime Sifers.
11:33 of 3rd period - Snap shot by Doug Janik.
11:33 of 3rd period - Stopped by Alex Stalock without a rebound.
11:34 of 3rd period - Tom Pyatt wins face-off versus Rob Schremp in Influenza zone.
11:47 of 3rd period - Wrist shot by Justin Abdelkader.
11:47 of 3rd period - Shot Misses the Net.
12:06 of 3rd period - Snap shot by Ryan Vesce.
12:06 of 3rd period - Stopped by Barry Brust with a rebound.
12:08 of 3rd period - Slapshot by Alexander Sulzer.
12:08 of 3rd period - Stopped by Barry Brust without a rebound.
12:09 of 3rd period - Rob Schremp wins face-off versus Jerred Smithson in Thunder zone.
12:42 of 3rd period - Slapshot by Noah Welch.
12:42 of 3rd period - Stopped by Barry Brust with a rebound.
13:07 of 3rd period - Snap shot by Ben Smith.
13:07 of 3rd period - Shot Misses the Net.
13:50 of 3rd period - Slapshot by Alexander Sulzer.
13:50 of 3rd period - Shot Blocked by Doug Janik.
13:52 of 3rd period - Wrist shot by Pierre-Cédric Labrie.
13:52 of 3rd period - Stopped by Barry Brust with a rebound.
13:58 of 3rd period - Wrist shot by Cody McCormick.
13:58 of 3rd period - Deflect By Ryan Vesce.
13:58 of 3rd period - Shot Misses the Net.
13:58 of 3rd period - Puck is out of play.
13:59 of 3rd period - Rob Schremp wins face-off versus Brandon Mashinter in Thunder zone.
14:02 of 3rd period - Slapshot by Rob Schremp.
14:02 of 3rd period - Stopped by Barry Brust with a rebound.
14:04 of 3rd period - Slapshot by Blake Comeau.
14:04 of 3rd period - Shot Blocked by Jeff Finger.
14:06 of 3rd period - Wrist shot by Noah Welch.
14:06 of 3rd period - Deflect By Justin Abdelkader.
14:06 of 3rd period - Stopped by Barry Brust with a rebound.
14:14 of 3rd period - Wrist shot by Rob Schremp.
14:14 of 3rd period - Shot Misses the Net.
15:43 of 3rd period - Snap shot by Justin Abdelkader.
15:43 of 3rd period - Shot Misses the Net.
15:45 of 3rd period - Slapshot by Noah Welch.
15:45 of 3rd period - Deflect By Jason Blake.
15:45 of 3rd period - Stopped by Barry Brust with a rebound.
16:02 of 3rd period - Icing by Carl Gunnarsson.
16:03 of 3rd period - Jerred Smithson wins face-off versus Zac Dalpe in Influenza zone.
16:04 of 3rd period - Snap shot by Daniel Winnik.
16:04 of 3rd period - Stopped by Alex Stalock without a rebound.
16:05 of 3rd period - Cody McCormick wins face-off versus Jerred Smithson in Influenza zone.
16:11 of 3rd period - Icing by Joey Ryan.
16:12 of 3rd period - Cody McCormick wins face-off versus Jerred Smithson in Thunder zone.
16:15 of 3rd period - Wrist shot by Ryan Vesce.
16:15 of 3rd period - Shot Misses the Net.
16:17 of 3rd period - Wrist shot by Ryan Vesce.
16:17 of 3rd period - Stopped by Barry Brust without a rebound.
16:18 of 3rd period - Matt D'Agostini wins face-off versus Cody McCormick in Thunder zone.
16:18 of 3rd period - Matt D'Agostini is hit by Pierre-Cédric Labrie.
16:52 of 3rd period - Slapshot by Rob Schremp.
16:52 of 3rd period - Shot Misses the Net.
16:54 of 3rd period - Snap shot by Justin Abdelkader.
16:54 of 3rd period - Stopped by Barry Brust with a rebound.
17:03 of 3rd period - Minor Penalty to Joey Crabb for Hooking.
17:04 of 3rd period - Jason Blake wins face-off versus Rob Schremp in Thunder zone.
17:51 of 3rd period - Icing by Martins Karsums.
17:52 of 3rd period - Jason Blake wins face-off versus Ryan Carter in Influenza zone.
18:05 of 3rd period - Slapshot by Noah Welch.
18:05 of 3rd period - Shot Blocked by Jason Blake.
19:03 of 3rd period - Penalty to Joey Crabb is over, Joey Crabb is back on ice.
19:09 of 3rd period - Jeff Finger is hit by Rob Schremp and loses puck.
19:12 of 3rd period - Influenza, Alex Stalock is pulled from the net.
19:16 of 3rd period - Wrist shot by Justin Abdelkader.
19:16 of 3rd period - Shot Blocked by Doug Janik.
19:36 of 3rd period - Slapshot by Doug Janik.
19:36 of 3rd period - Shot Misses the Net.
19:38 of 3rd period - Snap shot by James Van Riemsdyk.
19:38 of 3rd period - Shot Misses the Net.
19:40 of 3rd period - Slapshot by James Van Riemsdyk.
19:40 of 3rd period - Shot Blocked by Blake Comeau.
19:42 of 3rd period - Slapshot by Joey Crabb.
19:42 of 3rd period - Shot Misses the Net.
19:44 of 3rd period - Wrist shot by Jannik Hansen.
19:44 of 3rd period - Shot Blocked by Alexander Sulzer.
19:54 of 3rd period - Slapshot by Doug Janik.
19:54 of 3rd period - Shot Blocked by Alexander Sulzer.
19:58 of 3rd period - Wrist shot by James Van Riemsdyk.
19:58 of 3rd period - Deflect By Jannik Hansen.
19:58 of 3rd period - Shot Misses the Net.
19:58 of 3rd period - Puck is out of play.
19:59 of 3rd period - Craig Hartsburg call a timeout for Influenza.
19:59 of 3rd period - Alex Stalock from Influenza was sent back in the game.
19:59 of 3rd period - Samuel Pahlsson wins face-off versus Justin Abdelkader in Influenza zone.
Output by the SimonT Hockey Simulator (STHS) for François Prévost -- Original Page W3C XHTML 1.0 Valid